 Dungeon Crawl Stone Soup version 0.30-a0-272-gf98c3da03f (webtiles) character file.

Game seed: 14528328992869453977

120 Lanoc the Grave Robber (level 4, 0/24 HPs)
             Began as a Deep Elf Necromancer on Oct 15, 2022.
             Slain by Crazy Yiuf
             ... wielding a +4 quarterstaff of chaos
              (14 damage)
             ... on level 2 of the Dungeon.
             The game lasted 00:03:42 (2337 turns).

Lanoc the Grave Robber (Deep Elf Necromancer)       Turns: 2337, Time: 00:03:42

Health: 0/24       AC:  5    Str:  5    XL:     4   Next: 75%
Magic:  9/10       EV: 13    Int: 22    God:
Gold:   148        SH:  0    Dex: 15    Spells: 8/9 levels left

rFire   . . .      SeeInvis .    m - +2 spear (venom)
rCold   . . .      Faith    .    (no shield)
rNeg    . . .      Spirit   .    a - +0 robe
rPois   .          Reflect  .    l - +2 hat
rElec   .          Harm     .    q - +0 cloak
rCorr   .          Rampage  .    (no gloves)
Will    .....                    (no boots)
Stlth   ++........               (no amulet)
HPRegen 0.24/turn                (no ring)
MPRegen 0.12/turn                (no ring)

@: no status effects
A: no striking features
a: no special abilities


You were on level 2 of the Dungeon.
You visited 1 branch of the dungeon, and saw 2 of its levels.

You collected 148 gold pieces.

Inventory:

Hand Weapons
 i - a +0 dagger of speed
 m - a +2 spear of venom (weapon)
Armour
 a - a +0 robe (worn)
 l - a +2 hat (worn)
 q - a +0 cloak (worn)
Jewellery
 k - a ring of fire
Wands
 t - a wand of iceblast (8)
Scrolls
 c - 5 scrolls of identify {unknown}
 d - 2 scrolls of noise {unknown}
 h - a scroll of teleportation {unknown}
 j - a scroll of brand weapon {unknown}
 o - a scroll of enchant armour {unknown}
Potions
 b - 2 potions of magic
 e - 2 potions of degeneration {unknown}
 f - 2 potions of lignification {unknown}
 g - a potion of haste {unknown}
 n - a potion of heal wounds {unknown}
 p - 4 potions of mutation {unknown}
 r - a potion of invisibility {unknown}
 s - 3 potions of curing {unknown}
 u - a potion of attraction {unknown}


   Skills:
 + Level 3.9 Dodging
 - Level 2.5 Stealth
 - Level 3.1 Spellcasting
 * Level 6.6 Necromancy


You had 8 spell levels left.
You knew the following spells:

 Your Spells              Type           Power      Damage    Failure   Level
a - Necrotise             Necr           100%       1d9       1%          1

Your spell library contained the following spells:

 Spells                   Type           Power      Damage    Failure   Level
 Vampiric Draining        Necr           32%        2d8       2%          3
 Animate Dead             Necr           32%        N/A       8%          4
 Foxfire                  Conj/Fire      12%        2x1d4     12%         1
 Agony                    Necr           32%        N/A       22%         5


Dungeon Overview and Level Annotations

Branches:
Dungeon (2/15)

Altars:

Annotations:
D:2 Crazy Yiuf


Message History

Things that are here:
a +0 dagger; a +0 ring mail You hit the orc.
The orc is poisoned.
The orc is moderately wounded.
The orc barely misses you.
You hit the orc.
The orc looks as sick as possible!
The orc is heavily wounded.
You kill the orc!
Casting: Necrotise (safe; 1% risk of failure)
Confirm with . or Enter, or press ? or * to list all spells.
Aiming: Necrotise (safe; 1% risk of failure)
Press: ? - help, Shift-Dir - straight line, f - orc
Aim: an orc, wielding a +0 dagger (chance to affect: 93%)
The orc writhes in agony!
You kill the orc!
The dead are walking!
Casting: Necrotise (safe; 1% risk of failure)
Confirm with . or Enter, or press ? or * to list all spells.
You can't see any susceptible monsters within range! (Use Z to cast anyway.)
Items here: )) [ †.
You swap places.
Items here: )) [ †.
Your orc skeleton crumbles into dust!
Things that are here:
a +0 dagger; a +0 ring mail Crazy Yiuf shouts!
You open the door.
Casting: Necrotise (safe; 1% risk of failure)
Confirm with . or Enter, or press ? or * to list all spells.
Aiming: Necrotise (safe; 1% risk of failure)
Press: ? - help, Shift-Dir - straight line, f - Crazy Yiuf
Aim: Crazy Yiuf, wielding a +4 quarterstaff of chaos and wearing a +0 cloak (chance to affect: 88%) Crazy Yiuf writhes in agony.
Crazy Yiuf hits you with a +4 quarterstaff of chaos!
Space warps around you.
You puncture Crazy Yiuf!
Crazy Yiuf is poisoned.
Crazy Yiuf is heavily wounded.
Crazy Yiuf hits you with a +4 quarterstaff of chaos!
Ouch! That really hurt!
You die...

)....#####.#
#....#
#.##.#
........##.#
#....#
#....#
.....#..##.#
#....#
#.####
..####..##.#
#...## #.#
..# #..#.##
##.## #.#
..# #...##
#.## #.# ###
#.<## ##.#
#.#
######.##
#.## #.#
........###
##@# #.#
####.#....#
#g# #.# #
#......##
... #.# #
##......#
#...# #.#
### #......#
#..)# ###
..# #......#
##### ..#
#......# ..#
#.#...##
..###.##..#


You could see Crazy Yiuf (very poisoned).

Vanquished Creatures
  Jessica (D:2)
  3 adders (D:2)
  A worm (D:2)
  2 dart slugs
  3 orcs (D:2)
  8 bats
  An endoplasm (D:1)
  3 giant cockroaches
  2 goblins
  4 hobgoblins
  4 jackals (D:1)
  3 kobolds
  3 quokkas
  6 ball pythons
  3 frilled lizards
  7 rats
54 creatures vanquished.

Vanquished Creatures (collateral kills)
  A jackal (D:1)
  A frilled lizard (D:1)
  A rat (D:1)
3 creatures vanquished.

Grand Total: 57 creatures vanquished

Notes
Turn   | Place    | Note
-------+----------+-------------------------------------------
     0 | D:1      | Lanoc the Deep Elf Necromancer began the quest for the Orb.
     0 | D:1      | Reached XP level 1. HP: 10/10 MP: 6/6
   137 | D:1      | Reached skill level 5 in Necromancy
   159 | D:1      | Found a faded altar of an unknown god.
   167 | D:1      | Got Plato's Directory of Embers
   227 | D:1      | Reached XP level 2. HP: 10/15 MP: 2/8
   690 | D:1      | Reached XP level 3. HP: 19/19 MP: 4/9
  1499 | D:2      | Noticed Jessica
  1501 | D:2      | Killed Jessica
  1502 | D:2      | Reached skill level 6 in Necromancy
  1502 | D:2      | Reached XP level 4. HP: 24/24 MP: 8/10
  1570 | D:2      | Found a runed translucent door.
  1571 | D:2      | Noticed Crazy Yiuf
  2337 | D:2      | Slain by Crazy Yiuf

Illustrated notes

Levels and vault maps discovered:
D:1:      minmay_arrival_doors, layout_basic,
          shapermc_ecumenical_altar_rom_forum, minmay_cupped
D:2:      minmay_inner_zag, layout_loops_ring, uniq_jessica,
          uniq_crazy_yiuf_cottage

Skill      XL: |  1  2  3 |
---------------+----------+-----
Necromancy     | 5 6 |  6.6
Dodging        | 3 |  3.9
Stealth        | |  2.5
Spellcasting   | |  3.1

Action                   |  1- 3 |  4- 6 || total
-------------------------+-------+-------++-------
Melee: Unarmed           |     3 |       ||     3
       Dagger            |     6 |       ||     6
       Punch             |     1 |       ||     1
       Spear             |     4 |     7 ||    11
 Cast: Necrotise         |    52 |    26 ||    78
 Stab: Sleeping          |       |     1 ||     1
Armor: Robe              |     7 |     3 ||    10
Dodge: Dodged            |    24 |     6 ||    30

Table legend: (Time is in decaauts)
 A = Elapsed time spent in this place.
 B = Non-inter-level travel time spent in this place.
 C = Inter-level travel time spent in this place.
 D = Time resting spent in this place.
 E = Time spent auto-exploring this place.
 F = Levels seen in this place.
 G = Mean time per level.
                   A        B        C        D        E       F      G
               +--------+--------+--------+--------+--------+-----+--------+
         Total |   2334 |   2310 |     24 |      0 |   2024 |   2 | 1167.0 |
       Dungeon |   2334 |   2310 |     24 |      0 |   2024 |   2 | 1167.0 |
               +--------+--------+--------+--------+--------+-----+--------+

Top non-repeatable levels by time:
     D:1: 1317 daAuts
     D:2: 1017 daAuts
